Capitals vs Predators

Created - Wednesday, February 10, 2016 at 02:28

Goals
1 2 3 T
Capitals 0 0 2 2
Predators 2 0 1 3
Shots
1 2 3 T
Capitals 6 2 17 25
Predators 9 8 11 28

1st period

1. Predators , Tomas Plekanec 18 (Evander Kane) at 1:00 (PP)
2. Predators , Evander Kane 15 (Andrew Cogliano, Trevor Daley) at 4:20

Penalties :
Steve Bernier (Was) for Tripping (Minor) at 0:54, Nicklas Grossmann (Was) for High sticking (Minor) at 16:31

2nd period

No Goal

Penalties :
Robyn Regehr (Was) for Interference (Minor) at 0:11, Evander Kane (Nsh) for Fighting (Major) at 11:53, Luke Adam (Was) for Fighting (Major) at 11:53, Mike Green (Was) for Holding (Minor) at 14:49

3rd period

3. Capitals , Eric Staal 37 (Mike Green) at 0:15
4. Predators , Tomas Plekanec 19 (Dan Boyle) at 6:03
5. Capitals , Eric Staal 38 (Alex Tanguay, Robyn Regehr) at 11:03 (PP)

Penalties :
Cal Clutterbuck (Nsh) for Holding (Minor) at 2:31, Eric Staal (Was) for Goalie Interference (Minor) at 7:33, Matt Niskanen (Nsh) for Hooking (Minor) at 10:42

Goalie Stats

Brian Elliott (Was), 25 saves from 28 shots - (0.893), L, 26-14-3, 59:02 minutes
Roberto Luongo (Nsh), 23 saves from 25 shots - (0.920), W, 26-13-2, 60:00 minutes

Players Stats for Capitals

Player Name              G  A  P  +/- PIM S  H  SB GA TA FO     MP     PP MP  PK MP  
------------------------------------------------------------------------------------
Alex Tanguay             0  1  1   1  0   2  0  0  2  0  0/3    19:36   1:20   3:32 
Chad LaRose              0  0  0  -2  0   0  0  0  0  0  0/0     9:31   0:00   0:00 
Damon Severson           0  0  0   0  0   2  0  2  0  0  0/0    18:38   0:00   3:53 
Eric Gelinas             0  0  0   0  0   1  2  2  0  0  0/0    14:11   0:00   0:00 
Eric O'Dell              0  0  0  -2  0   0  0  0  2  0  0/4    10:28   0:00   0:28 
Eric Staal               2  0  2   1  2   7  0  0  2  1  7/11   20:38   1:20   4:08 
Erik Condra              0  0  0   0  0   3  1  0  2  0  1/2    11:56   0:00   0:00 
Jakub Kindl              0  0  0  -1  0   0  0  0  0  1  0/0    20:50   0:48   3:32 
Kyle Clifford            0  0  0   0  0   4  0  0  2  1  0/1    11:56   0:00   0:00 
Luke Adam                0  0  0  -2  5   0  1  0  0  1  1/1     8:40   0:00   0:00 
Marko Dano               0  0  0   0  0   0  0  0  1  0  4/10   11:56   0:00   0:00 
Matt Read                0  0  0   0  0   2  2  2  3  0  0/0    15:49   1:00   0:59 
Melker Karlsson          0  0  0   0  0   0  0  1  0  0  3/8    15:22   1:00   0:59 
Mike Green               0  1  1   0  2   1  2  0  0  1  0/0    24:03   1:32   3:35 
Nicklas Grossmann        0  0  0  -1  2   1  2  3  0  3  0/0    19:37   0:48   2:16 
Robyn Regehr             0  1  1   0  2   1  3  1  0  2  0/0    23:38   1:32   2:48 
Steve Bernier            0  0  0   0  2   1  1  1  1  1  1/6    19:55   1:00   5:58 
Valeri Nichushkin        0  0  0   1  0   0  0  0  0  0  0/0    15:08   1:20   0:00 

Players Stats for Predators

Player Name              G  A  P  +/- PIM S  H  SB GA TA FO     MP     PP MP  PK MP  
------------------------------------------------------------------------------------
Andrew Cogliano          0  1  1   2  0   2  1  0  0  0  0/1    19:28   3:48   0:23 
Cal Clutterbuck          0  0  0   0  2   0  2  0  1  1  0/0     7:16   0:00   0:00 
Dan Boyle                0  1  1   1  0   1  0  0  0  0  0/0    13:54   0:00   0:00 
Daniel Sedin             0  0  0   0  0   3  0  1  6  0  0/2    16:53   1:06   0:00 
Danny DeKeyser           0  0  0   1  0   0  1  0  0  1  0/0    13:49   0:00   0:21 
Dylan Olsen              0  0  0   0  0   1  0  0  0  0  0/0     4:28   0:00   0:00 
Eric Fehr                0  0  0   0  0   1  2  2  0  0  4/11   15:59   0:24   0:00 
Evander Kane             1  1  2   2  5   4  4  1  3  0  0/0    16:07   2:56   0:00 
Marcus Kruger            0  0  0   0  0   1  1  0  2  1  1/1    16:21   0:00   0:47 
Matt Niskanen            0  0  0  -1  2   1  1  1  0  3  0/0    22:08   3:56   1:59 
Nick Schultz             0  0  0   1  0   1  2  2  0  1  0/0    19:34   4:06   0:00 
Nikolay Kulemin          0  0  0   0  0   0  2  0  1  0  0/0     6:51   0:00   0:00 
Patrice Bergeron         0  0  0  -1  0   2  1  0  0  0  17/22  22:53   3:45   1:33 
Roman Josi               0  0  0  -1  0   0  1  3  1  0  0/0    26:32   3:56   2:20 
Tomas Plekanec           2  0  2   2  0   5  0  0  2  1  6/7    20:02   3:57   1:57 
Trevor Daley             0  1  1   1  0   3  0  1  1  3  0/0    19:34   4:06   0:00 
Valtteri Filppula        0  0  0  -1  0   3  0  0  4  0  1/1    17:54   4:05   0:00 
Zemgus Girgensons        0  0  0  -1  0   0  0  0  0  0  0/1    17:54   4:05   0:00 

3 Stars

1 - Tomas Plekanec (Nsh)
2 - Eric Staal (Was)
3 - Evander Kane (Nsh)

Power Play

Capitals - 1 on 2 Attempt(s) - 50.00%
Predators - 1 on 5 Attempt(s) - 20.00%

Penalty Kill

Capitals - 4 on 5 Attempt(s) - 80.00% - Score 0 goal in Penalty Kill
Predators - 1 on 2 Attempt(s) - 50.00% - Score 0 goal in Penalty Kill

Team Stat

Capitals - Hits : 14 - Faceoff Wins : 17 - Blocked Shots : 12 - Penalty Minutes : 15
Predators - Hits : 18 - Faceoff Wins : 29 - Blocked Shots : 11 - Penalty Minutes : 9

Official

Referees : Unknown
Linesman : Unknown

Game Notes

Evander Kane and Luke Adam fight to a draw at 11:53 of 2nd period

Finance

Level 1 -- Attendance: 4527 (75.45%) -- Ticket Income $389,322
Level 2 -- Attendance: 4830 (96.60%) -- Ticket Income $255,990
Level 3 -- Attendance: 1820 (91.00%) -- Ticket Income $56,420
Level 4 -- Attendance: 3750 (93.75%) -- Ticket Income $67,500
Luxury Box -- Attendance: 758 (75.80%) -- Ticket Income $135,682
Game was played at the Gaylord Entertainment Center.
Total Attendance: 15685 (87.14%)
Total Ticket Income: $904,914
Other Income: $443,408
Total Income: $1,348,322

Capitals

5 vs 5 Forward 
   Center                   Left Wing                Right Wing               Time % Phy DF OF 
 1 Eric Staal               Alex Tanguay             Valeri Nichushkin        35     1   2  2  
 2 Melker Karlsson          Matt Read                Steve Bernier            30     1   2  2  
 3 Marko Dano               Kyle Clifford            Erik Condra              22     1   2  2  
 4 Eric O'Dell              Chad LaRose              Luke Adam                13     1   2  2  

5 vs 5 Defense 
   Defense                  Defense                                           Time % Phy DF OF 
 1 Robyn Regehr             Mike Green                                        35     1   2  2  
 2 Nicklas Grossmann        Jakub Kindl                                       30     1   2  2  
 3 Eric Gelinas             Damon Severson                                    22     1   2  2  
 4 Robyn Regehr             Mike Green                                        13     1   2  2  

PowerPlay Forward 
   Center                   Left Wing                Right Wing               Time % Phy DF OF 
 1 Eric Staal               Alex Tanguay             Valeri Nichushkin        60     1   2  2  
 2 Melker Karlsson          Matt Read                Steve Bernier            40     1   2  2  

PowerPlay Defense
   Defense                  Defense                                           Time % Phy DF OF 
 1 Robyn Regehr             Mike Green                                        60     1   2  2  
 2 Nicklas Grossmann        Jakub Kindl                                       40     1   2  2  

Penalty Kill 4 Players Forward 
   Center                   Wing                     Time % Phy DF OF 
 1 Steve Bernier            Eric Staal               60     1   2  2  
 2 Alex Tanguay             Matt Read                40     1   2  2  

Penalty Kill 4 Players Defense
   Defense                  Defense                  Time % Phy DF OF 
 1 Robyn Regehr             Mike Green               60     1   2  2  
 2 Nicklas Grossmann        Jakub Kindl              40     1   2  2  

Penalty Kill - 3 Players Forward 
   Forward                                           Time % Phy DF OF 
 1 Alex Tanguay                                      60     1   2  2  
 2 Eric Staal                                        40     1   2  2  

Penalty Kill - 3 Players Defense
   Defense                  Defense                  Time % Phy DF OF 
 1 Robyn Regehr             Mike Green               60     1   2  2  
 2 Nicklas Grossmann        Jakub Kindl              40     1   2  2  

4 vs 4 Forward 
   Center                   Wing                     Time % Phy DF OF 
 1 Steve Bernier            Eric Staal               60     1   2  2  
 2 Alex Tanguay             Matt Read                40     1   2  2  

4 vs 4 Defense
   Defense                  Defense                  Time % Phy DF OF 
 1 Robyn Regehr             Mike Green               60     1   2  2  
 2 Nicklas Grossmann        Jakub Kindl              40     1   2  2  

Last Minutes Offensive
   Center                   Left Wing                Right Wing               Defense                  Defense                  
   Eric Staal               Alex Tanguay             Valeri Nichushkin        Robyn Regehr             Mike Green               

Last Minutes Defensive
   Center                   Left Wing                Right Wing               Defense                  Defense                  
   Eric Staal               Alex Tanguay             Valeri Nichushkin        Robyn Regehr             Mike Green               

Goaltenders
Starting : Brian Elliott            
Backup : Sami Aittokallio         

Extra Forwards
Normal : Eric Staal, Alex Tanguay, Matt Read - PP : Eric Staal, Alex Tanguay - PK : Alex Tanguay
Extra Defensemen
Normal : Eric Gelinas, Damon Severson, Nicklas Grossmann - PP : Eric Gelinas - PK : Damon Severson, Nicklas Grossmann
Penalty Shots
Melker Karlsson, Eric Staal, Alex Tanguay, Matt Read, Steve Bernier

Predators

5 vs 5 Forward 
   Center                   Left Wing                Right Wing               Time % Phy DF OF 
 1 Patrice Bergeron         Valtteri Filppula        Zemgus Girgensons        35     1   2  2  
 2 Tomas Plekanec           Evander Kane             Andrew Cogliano          30     1   2  2  
 3 Eric Fehr                Daniel Sedin             Marcus Kruger            22     1   2  2  
 4 Patrice Bergeron         Nikolay Kulemin          Cal Clutterbuck          13     1   2  2  

5 vs 5 Defense 
   Defense                  Defense                                           Time % Phy DF OF 
 1 Roman Josi               Matt Niskanen                                     35     1   2  2  
 2 Trevor Daley             Nick Schultz                                      30     1   2  2  
 3 Dan Boyle                Danny DeKeyser                                    22     1   2  2  
 4 Dylan Olsen              Roman Josi                                        13     1   2  2  

PowerPlay Forward 
   Center                   Left Wing                Right Wing               Time % Phy DF OF 
 1 Patrice Bergeron         Valtteri Filppula        Zemgus Girgensons        60     1   2  2  
 2 Tomas Plekanec           Evander Kane             Andrew Cogliano          40     1   2  2  

PowerPlay Defense
   Defense                  Defense                                           Time % Phy DF OF 
 1 Roman Josi               Matt Niskanen                                     60     1   2  2  
 2 Trevor Daley             Nick Schultz                                      40     1   2  2  

Penalty Kill 4 Players Forward 
   Center                   Wing                     Time % Phy DF OF 
 1 Patrice Bergeron         Tomas Plekanec           60     1   2  2  
 2 Valtteri Filppula        Evander Kane             40     1   2  2  

Penalty Kill 4 Players Defense
   Defense                  Defense                  Time % Phy DF OF 
 1 Roman Josi               Matt Niskanen            60     1   2  2  
 2 Trevor Daley             Nick Schultz             40     1   2  2  

Penalty Kill - 3 Players Forward 
   Forward                                           Time % Phy DF OF 
 1 Patrice Bergeron                                  60     1   2  2  
 2 Tomas Plekanec                                    40     1   2  2  

Penalty Kill - 3 Players Defense
   Defense                  Defense                  Time % Phy DF OF 
 1 Roman Josi               Matt Niskanen            60     1   2  2  
 2 Trevor Daley             Nick Schultz             40     1   2  2  

4 vs 4 Forward 
   Center                   Wing                     Time % Phy DF OF 
 1 Patrice Bergeron         Tomas Plekanec           60     1   2  2  
 2 Valtteri Filppula        Evander Kane             40     1   2  2  

4 vs 4 Defense
   Defense                  Defense                  Time % Phy DF OF 
 1 Roman Josi               Matt Niskanen            60     1   2  2  
 2 Trevor Daley             Nick Schultz             40     1   2  2  

Last Minutes Offensive
   Center                   Left Wing                Right Wing               Defense                  Defense                  
   Patrice Bergeron         Valtteri Filppula        Zemgus Girgensons        Roman Josi               Matt Niskanen            

Last Minutes Defensive
   Center                   Left Wing                Right Wing               Defense                  Defense                  
   Patrice Bergeron         Valtteri Filppula        Zemgus Girgensons        Roman Josi               Matt Niskanen            

Goaltenders
Starting : Roberto Luongo           
Backup : Jimmy Howard             

Extra Forwards
Normal : Daniel Sedin, Eric Fehr, Marcus Kruger - PP : Daniel Sedin, Eric Fehr - PK : Marcus Kruger
Extra Defensemen
Normal : Dan Boyle, Danny DeKeyser, Dylan Olsen - PP : Dan Boyle - PK : Danny DeKeyser, Dylan Olsen
Penalty Shots
Patrice Bergeron, Tomas Plekanec, Valtteri Filppula, Evander Kane, Daniel Sedin

% Time on Ice - Capitals

Lines # - Real PCT - Wanted PCT - Time Play
Normal Forward
1 - 28% - 35% - 13:49
2 - 28% - 30% - 13:50
3 - 24% - 22% - 11:56
4 - 19% - 13% - 9:31
Normal Defense
1 - 32% - 35% - 15:34
2 - 34% - 30% - 16:30
3 - 28% - 22% - 13:56
4 - 6% - 13% - 3:06
PP Forward
1 - 57% - 60% - 1:20
2 - 43% - 40% - 1:00
PP Defense
1 - 66% - 60% - 1:32
2 - 34% - 40% - 0:48
PK Forward
1 - 88% - 60% - 7:03
2 - 12% - 40% - 0:59
PK Defense
1 - 56% - 60% - 4:30
2 - 44% - 40% - 3:32
PK3 Forward
1 - 0% - 60%
2 - 0% - 40%
PK3 Defense
1 - 0% - 60%
2 - 0% - 40%
44 Forward
1 - 0% - 60%
2 - 0% - 40%
44 Defense
1 - 0% - 60%
2 - 0% - 40%
Last Minute Offensive  - 0:32
Last Minute Defensive  - 0:00
Total
Forward - 60:00
Defense - 60:00

% Time on Ice - Predators

Lines # - Real PCT - Wanted PCT - Time Play
Normal Forward
1 - 28% - 35% - 13:49
2 - 29% - 30% - 14:08
3 - 29% - 22% - 14:24
4 - 14% - 13% - 6:51
Normal Defense
1 - 32% - 35% - 15:48
2 - 31% - 30% - 15:28
3 - 27% - 22% - 13:28
4 - 9% - 13% - 4:28
PP Forward
1 - 51% - 60% - 4:05
2 - 49% - 40% - 3:57
PP Defense
1 - 49% - 60% - 3:56
2 - 51% - 40% - 4:06
PK Forward
1 - 100% - 60% - 2:20
2 - 0% - 40% - 0:00
PK Defense
1 - 100% - 60% - 2:20
2 - 0% - 40% - 0:00
PK3 Forward
1 - 0% - 60%
2 - 0% - 40%
PK3 Defense
1 - 0% - 60%
2 - 0% - 40%
44 Forward
1 - 0% - 60%
2 - 0% - 40%
44 Defense
1 - 0% - 60%
2 - 0% - 40%
Last Minute Offensive  - 0:00
Last Minute Defensive  - 0:26
Total
Forward - 60:00
Defense - 60:00

Play by Play

1st period


0:01 of 1st period - Eric Staal wins face-off versus Patrice Bergeron in neutral zone.
0:31 of 1st period - Slapshot by Eric Staal.
0:31 of 1st period - Shot Blocked by Roman Josi.
0:54 of 1st period - Minor Penalty to Steve Bernier for Tripping.
0:55 of 1st period - Tomas Plekanec wins face-off versus Alex Tanguay in Capitals zone.
0:56 of 1st period - Snap shot by Evander Kane.
0:56 of 1st period - Shot Misses the Net.
0:58 of 1st period - Wrist shot by Evander Kane.
0:58 of 1st period - Shot Misses the Net.
1:00 of 1st period - Snap shot by Tomas Plekanec.
1:00 of 1st period - Goal by Tomas Plekanec - Capitals : 0 - Predators : 1.
1:01 of 1st period - Eric Fehr wins face-off versus Kyle Clifford in neutral zone.
1:24 of 1st period - Snap shot by Erik Condra.
1:24 of 1st period - Shot Blocked by Daniel Sedin.
2:08 of 1st period - Matt Read is hit by Evander Kane and loses puck.
2:15 of 1st period - Snap shot by Andrew Cogliano.
2:15 of 1st period - Shot Misses the Net.
2:17 of 1st period - Wrist shot by Evander Kane.
2:17 of 1st period - Shot Blocked by Matt Read.
2:19 of 1st period - Wrist shot by Andrew Cogliano.
2:19 of 1st period - Stopped by Brian Elliott with a rebound.
2:21 of 1st period - Snap shot by Tomas Plekanec.
2:21 of 1st period - Shot Blocked by Damon Severson.
2:23 of 1st period - Snap shot by Evander Kane.
2:23 of 1st period - Shot Blocked by Damon Severson.
3:02 of 1st period - Wrist shot by Nikolay Kulemin.
3:02 of 1st period - Shot Blocked by Eric Gelinas.
3:04 of 1st period - Slapshot by Dylan Olsen.
3:04 of 1st period - Stopped by Brian Elliott with a rebound.
3:06 of 1st period - Slapshot by Patrice Bergeron.
3:06 of 1st period - Deflect By Cal Clutterbuck.
3:06 of 1st period - Shot Misses the Net.
3:06 of 1st period - Puck is out of play.
3:07 of 1st period - Eric Staal wins face-off versus Patrice Bergeron in Capitals zone.
3:16 of 1st period - Slapshot by Alex Tanguay.
3:16 of 1st period - Shot Misses the Net.
3:18 of 1st period - Backhand shot by Robyn Regehr.
3:18 of 1st period - Deflect By Eric Staal.
3:18 of 1st period - Shot Blocked by Roman Josi.
3:18 of 1st period - Puck is out of play.
3:19 of 1st period - Valtteri Filppula wins face-off versus Alex Tanguay in Predators zone.
3:54 of 1st period - Backhand shot by Eric Staal.
3:54 of 1st period - Stopped by Roberto Luongo with a rebound.
4:14 of 1st period - Snap shot by Tomas Plekanec.
4:14 of 1st period - Stopped by Brian Elliott with a rebound.
4:16 of 1st period - Snap shot by Andrew Cogliano.
4:16 of 1st period - Stopped by Brian Elliott with a rebound.
4:18 of 1st period - Slapshot by Trevor Daley.
4:18 of 1st period - Shot Blocked by Robyn Regehr.
4:20 of 1st period - Snap shot by Andrew Cogliano.
4:20 of 1st period - Deflect By Evander Kane.
4:20 of 1st period - Goal by Evander Kane - Capitals : 0 - Predators : 2.
4:21 of 1st period - Marcus Kruger wins face-off versus Marko Dano in neutral zone.
4:50 of 1st period - Snap shot by Daniel Sedin.
4:50 of 1st period - Deflect By Marcus Kruger.
4:50 of 1st period - Shot Misses the Net.
4:50 of 1st period - Puck is out of play.
4:51 of 1st period - Tomas Plekanec wins face-off versus Eric O'Dell in Capitals zone.
4:56 of 1st period - Slapshot by Evander Kane.
4:56 of 1st period - Stopped by Brian Elliott with a rebound.
6:03 of 1st period - Wrist shot by Alex Tanguay.
6:03 of 1st period - Deflect By Eric Staal.
6:03 of 1st period - Stopped by Roberto Luongo without a rebound.
6:04 of 1st period - Eric Fehr wins face-off versus Melker Karlsson in Predators zone.
6:12 of 1st period - Off-side.
6:13 of 1st period - Melker Karlsson wins face-off versus Eric Fehr in neutral zone.
6:50 of 1st period - Backhand shot by Steve Bernier.
6:50 of 1st period - Deflect By Matt Read.
6:50 of 1st period - Stopped by Roberto Luongo with a rebound.
7:08 of 1st period - Snap shot by Alex Tanguay.
7:08 of 1st period - Shot Hit the Post.
8:57 of 1st period - Nicklas Grossmann is hit by Evander Kane and loses puck.
10:39 of 1st period - Danny DeKeyser is hit by Robyn Regehr and loses puck.
10:58 of 1st period - Wrist shot by Kyle Clifford.
10:58 of 1st period - Stopped by Roberto Luongo with a rebound.
11:00 of 1st period - Slapshot by Erik Condra.
11:00 of 1st period - Shot Hit the Post.
11:02 of 1st period - Wrist shot by Erik Condra.
11:02 of 1st period - Shot Misses the Net.
12:35 of 1st period - Roman Josi is hit by Mike Green and loses puck.
12:42 of 1st period - Backhand shot by Eric Staal.
12:42 of 1st period - Stopped by Roberto Luongo with a rebound.
12:56 of 1st period - Danny DeKeyser is hit by Eric Gelinas and loses puck.
13:08 of 1st period - Slapshot by Dan Boyle.
13:08 of 1st period - Stopped by Brian Elliott with a rebound.
13:34 of 1st period - Snap shot by Kyle Clifford.
13:34 of 1st period - Stopped by Roberto Luongo with a rebound.
13:36 of 1st period - Slapshot by Jakub Kindl.
13:36 of 1st period - Deflect By Marko Dano.
13:36 of 1st period - Deflect By Dan Boyle.
13:36 of 1st period - Shot Misses the Net.
13:36 of 1st period - Puck is out of play.
13:37 of 1st period - Marko Dano wins face-off versus Daniel Sedin in Predators zone.
14:18 of 1st period - Slapshot by Roman Josi.
14:18 of 1st period - Shot Blocked by Eric Gelinas.
14:20 of 1st period - Snap shot by Patrice Bergeron.
14:20 of 1st period - Deflect By Matt Read.
14:20 of 1st period - Shot Misses the Net.
14:20 of 1st period - Puck is out of play.
14:21 of 1st period - Patrice Bergeron wins face-off versus Melker Karlsson in Capitals zone.
16:31 of 1st period - Minor Penalty to Nicklas Grossmann for High sticking.
16:32 of 1st period - Patrice Bergeron wins face-off versus Steve Bernier in Capitals zone.
16:40 of 1st period - Wrist shot by Patrice Bergeron.
16:40 of 1st period - Shot Misses the Net.
17:10 of 1st period - Snap shot by Tomas Plekanec.
17:10 of 1st period - Shot Misses the Net.
17:47 of 1st period - Slapshot by Evander Kane.
17:47 of 1st period - Stopped by Brian Elliott without a rebound.
17:48 of 1st period - Steve Bernier wins face-off versus Tomas Plekanec in Capitals zone.
17:57 of 1st period - Robyn Regehr is hit by Matt Niskanen and loses puck.
18:31 of 1st period - Penalty to Nicklas Grossmann is over, Nicklas Grossmann is back on ice.
18:51 of 1st period - Eric Fehr is hit by Robyn Regehr and loses puck.
18:58 of 1st period - Eric Fehr is hit by Erik Condra and loses puck.
19:07 of 1st period - Wrist shot by Daniel Sedin.
19:07 of 1st period - Shot Misses the Net.
19:35 of 1st period - Luke Adam is hit by Nikolay Kulemin and loses puck.
Goals for this period are 0 for Capitals vs 2 for Predators.
Shots for this period are 6 for Capitals vs 9 for Predators.

2nd period


0:01 of 2nd period - Eric Staal wins face-off versus Patrice Bergeron in neutral zone.
0:11 of 2nd period - Minor Penalty to Robyn Regehr for Interference.
0:12 of 2nd period - Patrice Bergeron wins face-off versus Steve Bernier in Capitals zone.
0:24 of 2nd period - Snap shot by Valtteri Filppula.
0:24 of 2nd period - Stopped by Brian Elliott with a rebound.
2:11 of 2nd period - Penalty to Robyn Regehr is over, Robyn Regehr is back on ice.
2:16 of 2nd period - Alex Tanguay is hit by Andrew Cogliano and loses puck.
2:25 of 2nd period - Evander Kane is hit by Robyn Regehr.
2:39 of 2nd period - Slapshot by Erik Condra.
2:39 of 2nd period - Shot Blocked by Nick Schultz.
2:41 of 2nd period - Slapshot by Nicklas Grossmann.
2:41 of 2nd period - Shot Misses the Net.
2:43 of 2nd period - Wrist shot by Kyle Clifford.
2:43 of 2nd period - Stopped by Roberto Luongo without a rebound.
2:44 of 2nd period - Eric Fehr wins face-off versus Erik Condra in Predators zone.
2:44 of 2nd period - Eric Fehr is hit by Eric Gelinas.
3:08 of 2nd period - Slapshot by Jakub Kindl.
3:08 of 2nd period - Shot Blocked by Roman Josi.
3:36 of 2nd period - Wrist shot by Patrice Bergeron.
3:36 of 2nd period - Shot Misses the Net.
4:18 of 2nd period - Snap shot by Patrice Bergeron.
4:18 of 2nd period - Shot Misses the Net.
4:33 of 2nd period - Eric O'Dell is hit by Marcus Kruger and loses puck.
5:48 of 2nd period - Snap shot by Eric Fehr.
5:48 of 2nd period - Stopped by Brian Elliott with a rebound.
6:45 of 2nd period - Robyn Regehr is hit by Eric Fehr and loses puck.
7:02 of 2nd period - Zemgus Girgensons is hit by Mike Green and loses puck.
7:55 of 2nd period - Matt Read is hit by Nikolay Kulemin and loses puck.
8:31 of 2nd period - Icing by Chad LaRose.
8:32 of 2nd period - Tomas Plekanec wins face-off versus Eric O'Dell in Capitals zone.
9:01 of 2nd period - Icing by Damon Severson.
9:02 of 2nd period - Patrice Bergeron wins face-off versus Eric O'Dell in Capitals zone.
9:05 of 2nd period - Snap shot by Nikolay Kulemin.
9:05 of 2nd period - Deflect By Patrice Bergeron.
9:05 of 2nd period - Shot Blocked by Nicklas Grossmann.
9:05 of 2nd period - Puck is out of play.
9:06 of 2nd period - Patrice Bergeron wins face-off versus Eric Staal in Capitals zone.
9:27 of 2nd period - Snap shot by Alex Tanguay.
9:27 of 2nd period - Shot Misses the Net.
9:33 of 2nd period - Wrist shot by Daniel Sedin.
9:33 of 2nd period - Shot Misses the Net.
9:35 of 2nd period - Slapshot by Trevor Daley.
9:35 of 2nd period - Shot Blocked by Nicklas Grossmann.
9:37 of 2nd period - Wrist shot by Eric Fehr.
9:37 of 2nd period - Shot Misses the Net.
9:49 of 2nd period - Wrist shot by Valtteri Filppula.
9:49 of 2nd period - Shot Misses the Net.
9:51 of 2nd period - Slapshot by Trevor Daley.
9:51 of 2nd period - Stopped by Brian Elliott without a rebound.
9:52 of 2nd period - Patrice Bergeron wins face-off versus Marko Dano in Capitals zone.
9:53 of 2nd period - Wrist shot by Valtteri Filppula.
9:53 of 2nd period - Stopped by Brian Elliott with a rebound.
9:55 of 2nd period - Wrist shot by Patrice Bergeron.
9:55 of 2nd period - Stopped by Brian Elliott with a rebound.
10:23 of 2nd period - Backhand shot by Tomas Plekanec.
10:23 of 2nd period - Shot Hit the Post.
10:25 of 2nd period - Slapshot by Roman Josi.
10:25 of 2nd period - Shot Misses the Net.
10:27 of 2nd period - Slapshot by Matt Niskanen.
10:27 of 2nd period - Stopped by Brian Elliott with a rebound.
10:33 of 2nd period - Snap shot by Evander Kane.
10:33 of 2nd period - Deflect By Andrew Cogliano.
10:33 of 2nd period - Shot Misses the Net.
10:33 of 2nd period - Puck is out of play.
10:34 of 2nd period - Melker Karlsson wins face-off versus Eric Fehr in Capitals zone.
11:10 of 2nd period - Nick Schultz is hit by Steve Bernier and loses puck.
11:21 of 2nd period - Mike Green is hit by Nick Schultz and loses puck.
11:53 of 2nd period - Evander Kane and Luke Adam fight to a draw.
11:53 of 2nd period - Penalty to Evander Kane for Fighting.
11:53 of 2nd period - Penalty to Luke Adam for Fighting.
11:54 of 2nd period - Patrice Bergeron wins face-off versus Marko Dano in Predators zone.
12:09 of 2nd period - Icing by Jakub Kindl.
12:10 of 2nd period - Patrice Bergeron wins face-off versus Marko Dano in Capitals zone.
12:29 of 2nd period - Valtteri Filppula is hit by Nicklas Grossmann and loses puck.
13:18 of 2nd period - Snap shot by Eric Staal.
13:18 of 2nd period - Stopped by Roberto Luongo without a rebound.
13:19 of 2nd period - Patrice Bergeron wins face-off versus Melker Karlsson in Predators zone.
13:19 of 2nd period - Patrice Bergeron is hit by Matt Read.
13:25 of 2nd period - Slapshot by Trevor Daley.
13:25 of 2nd period - Shot Blocked by Matt Read.
13:27 of 2nd period - Snap shot by Patrice Bergeron.
13:27 of 2nd period - Shot Blocked by Melker Karlsson.
13:29 of 2nd period - Wrist shot by Patrice Bergeron.
13:29 of 2nd period - Shot Misses the Net.
13:31 of 2nd period - Snap shot by Nick Schultz.
13:31 of 2nd period - Shot Blocked by Steve Bernier.
13:33 of 2nd period - Snap shot by Trevor Daley.
13:33 of 2nd period - Stopped by Brian Elliott with a rebound.
13:47 of 2nd period - Damon Severson is hit by Cal Clutterbuck and loses puck.
14:49 of 2nd period - Minor Penalty to Mike Green for Holding.
14:50 of 2nd period - Patrice Bergeron wins face-off versus Steve Bernier in Capitals zone.
16:28 of 2nd period - Snap shot by Andrew Cogliano.
16:28 of 2nd period - Shot Blocked by Nicklas Grossmann.
16:30 of 2nd period - Slapshot by Nick Schultz.
16:30 of 2nd period - Deflect By Jakub Kindl.
16:30 of 2nd period - Stopped by Brian Elliott without a rebound.
16:31 of 2nd period - Tomas Plekanec wins face-off versus Alex Tanguay in Capitals zone.
16:49 of 2nd period - Penalty to Mike Green is over, Mike Green is back on ice.
17:22 of 2nd period - Off-side.
17:23 of 2nd period - Marko Dano wins face-off versus Eric Fehr in neutral zone.
17:58 of 2nd period - Slapshot by Marko Dano.
17:58 of 2nd period - Shot Blocked by Eric Fehr.
18:00 of 2nd period - Wrist shot by Erik Condra.
18:00 of 2nd period - Shot Misses the Net.
18:28 of 2nd period - Snap shot by Evander Kane.
18:28 of 2nd period - Deflect By Tomas Plekanec.
18:28 of 2nd period - Shot Misses the Net.
18:28 of 2nd period - Puck is out of play.
18:29 of 2nd period - Tomas Plekanec wins face-off versus Melker Karlsson in Capitals zone.
18:58 of 2nd period - Luke Adam is hit by Evander Kane and loses puck.
Goals for this period are 0 for Capitals vs 0 for Predators.
Shots for this period are 2 for Capitals vs 8 for Predators.

3rd period


0:01 of 3rd period - Patrice Bergeron wins face-off versus Eric Staal in neutral zone.
0:15 of 3rd period - Backhand shot by Eric Staal.
0:15 of 3rd period - Goal by Eric Staal - Capitals : 1 - Predators : 2.
0:16 of 3rd period - Patrice Bergeron wins face-off versus Eric Staal in neutral zone.
0:31 of 3rd period - Wrist shot by Patrice Bergeron.
0:31 of 3rd period - Stopped by Brian Elliott without a rebound.
0:32 of 3rd period - Patrice Bergeron wins face-off versus Eric Staal in Capitals zone.
1:35 of 3rd period - Eric Gelinas is hit by Evander Kane and loses puck.
1:44 of 3rd period - Wrist shot by Tomas Plekanec.
1:44 of 3rd period - Stopped by Brian Elliott with a rebound.
2:06 of 3rd period - Wrist shot by Daniel Sedin.
2:06 of 3rd period - Stopped by Brian Elliott with a rebound.
2:08 of 3rd period - Slapshot by Trevor Daley.
2:08 of 3rd period - Deflect By Daniel Sedin.
2:08 of 3rd period - Stopped by Brian Elliott without a rebound.
2:09 of 3rd period - Patrice Bergeron wins face-off versus Marko Dano in Capitals zone.
2:31 of 3rd period - Minor Penalty to Cal Clutterbuck for Holding.
2:32 of 3rd period - Eric Staal wins face-off versus Patrice Bergeron in Predators zone.
3:00 of 3rd period - Wrist shot by Eric Staal.
3:00 of 3rd period - Shot Misses the Net.
3:18 of 3rd period - Backhand shot by Matt Read.
3:18 of 3rd period - Stopped by Roberto Luongo with a rebound.
3:31 of 3rd period - Tomas Plekanec is hit by Nicklas Grossmann and loses puck.
4:31 of 3rd period - Penalty to Cal Clutterbuck is over, Cal Clutterbuck is back on ice.
4:38 of 3rd period - Robyn Regehr is hit by Cal Clutterbuck and loses puck.
5:20 of 3rd period - Off-side.
5:21 of 3rd period - Luke Adam wins face-off versus Eric Fehr in neutral zone.
5:32 of 3rd period - Marcus Kruger is hit by Luke Adam and loses puck.
5:43 of 3rd period - Nicklas Grossmann is hit by Eric Fehr.
5:57 of 3rd period - Snap shot by Eric O'Dell.
5:57 of 3rd period - Shot Blocked by Evander Kane.
6:03 of 3rd period - Snap shot by Tomas Plekanec.
6:03 of 3rd period - Goal by Tomas Plekanec - Capitals : 1 - Predators : 3.
6:04 of 3rd period - Melker Karlsson wins face-off versus Zemgus Girgensons in neutral zone.
6:11 of 3rd period - Snap shot by Steve Bernier.
6:11 of 3rd period - Stopped by Roberto Luongo with a rebound.
6:13 of 3rd period - Slapshot by Mike Green.
6:13 of 3rd period - Shot Misses the Net.
6:15 of 3rd period - Slapshot by Robyn Regehr.
6:15 of 3rd period - Stopped by Roberto Luongo with a rebound.
6:17 of 3rd period - Wrist shot by Mike Green.
6:17 of 3rd period - Shot Blocked by Trevor Daley.
6:19 of 3rd period - Slapshot by Mike Green.
6:19 of 3rd period - Stopped by Roberto Luongo with a rebound.
6:27 of 3rd period - Slapshot by Steve Bernier.
6:27 of 3rd period - Shot Blocked by Nick Schultz.
7:25 of 3rd period - Snap shot by Marcus Kruger.
7:25 of 3rd period - Stopped by Brian Elliott with a rebound.
7:33 of 3rd period - Minor Penalty to Eric Staal for Goalie Interference.
7:34 of 3rd period - Patrice Bergeron wins face-off versus Steve Bernier in Capitals zone.
8:15 of 3rd period - Wrist shot by Tomas Plekanec.
8:15 of 3rd period - Stopped by Brian Elliott without a rebound.
8:16 of 3rd period - Tomas Plekanec wins face-off versus Steve Bernier in Capitals zone.
9:33 of 3rd period - Penalty to Eric Staal is over, Eric Staal is back on ice.
10:01 of 3rd period - Backhand shot by Daniel Sedin.
10:01 of 3rd period - Stopped by Brian Elliott without a rebound.
10:02 of 3rd period - Marko Dano wins face-off versus Eric Fehr in Capitals zone.
10:15 of 3rd period - Snap shot by Marko Dano.
10:15 of 3rd period - Shot Blocked by Eric Fehr.
10:17 of 3rd period - Slapshot by Eric Gelinas.
10:17 of 3rd period - Deflect By Marcus Kruger.
10:17 of 3rd period - Stopped by Roberto Luongo without a rebound.
10:18 of 3rd period - Marko Dano wins face-off versus Daniel Sedin in Predators zone.
10:42 of 3rd period - Minor Penalty to Matt Niskanen for Hooking.
10:43 of 3rd period - Eric Staal wins face-off versus Patrice Bergeron in Predators zone.
10:53 of 3rd period - Snap shot by Alex Tanguay.
10:53 of 3rd period - Shot Misses the Net.
10:55 of 3rd period - Snap shot by Robyn Regehr.
10:55 of 3rd period - Shot Misses the Net.
11:03 of 3rd period - Wrist shot by Eric Staal.
11:03 of 3rd period - Goal by Eric Staal - Capitals : 2 - Predators : 3.
11:04 of 3rd period - Erik Condra wins face-off versus Eric Fehr in neutral zone.
11:14 of 3rd period - Snap shot by Erik Condra.
11:14 of 3rd period - Stopped by Roberto Luongo without a rebound.
11:15 of 3rd period - Eric Fehr wins face-off versus Marko Dano in Predators zone.
12:43 of 3rd period - Alex Tanguay is hit by Danny DeKeyser and loses puck.
13:03 of 3rd period - Wrist shot by Alex Tanguay.
13:03 of 3rd period - Stopped by Roberto Luongo without a rebound.
13:04 of 3rd period - Patrice Bergeron wins face-off versus Eric O'Dell in Predators zone.
13:09 of 3rd period - Eric O'Dell is hit by Patrice Bergeron and loses puck.
13:29 of 3rd period - Off-side.
13:30 of 3rd period - Eric Staal wins face-off versus Eric Fehr in neutral zone.
13:33 of 3rd period - Wrist shot by Eric Staal.
13:33 of 3rd period - Shot Misses the Net.
13:45 of 3rd period - Snap shot by Alex Tanguay.
13:45 of 3rd period - Stopped by Roberto Luongo with a rebound.
13:47 of 3rd period - Slapshot by Nicklas Grossmann.
13:47 of 3rd period - Shot Blocked by Matt Niskanen.
13:53 of 3rd period - Snap shot by Eric Staal.
13:53 of 3rd period - Stopped by Roberto Luongo with a rebound.
13:55 of 3rd period - Slapshot by Nicklas Grossmann.
13:55 of 3rd period - Stopped by Roberto Luongo without a rebound.
13:56 of 3rd period - Patrice Bergeron wins face-off versus Melker Karlsson in Predators zone.
14:15 of 3rd period - Wrist shot by Patrice Bergeron.
14:15 of 3rd period - Shot Misses the Net.
14:21 of 3rd period - Matt Read is hit by Nick Schultz and loses puck.
14:31 of 3rd period - Off-side.
14:32 of 3rd period - Eric Staal wins face-off versus Andrew Cogliano in neutral zone.
15:31 of 3rd period - Nicklas Grossmann is hit by Roman Josi and loses puck.
17:02 of 3rd period - Snap shot by Evander Kane.
17:02 of 3rd period - Stopped by Brian Elliott with a rebound.
17:04 of 3rd period - Slapshot by Trevor Daley.
17:04 of 3rd period - Stopped by Brian Elliott with a rebound.
17:50 of 3rd period - Trevor Daley is hit by Matt Read and loses puck.
18:13 of 3rd period - Snap shot by Valtteri Filppula.
18:13 of 3rd period - Stopped by Brian Elliott with a rebound.
19:02 of 3rd period - Capitals, Brian Elliott is pulled from the net.
19:16 of 3rd period - Slapshot by Marko Dano.
19:16 of 3rd period - Deflect By Kyle Clifford.
19:16 of 3rd period - Stopped by Roberto Luongo with a rebound.
19:18 of 3rd period - Slapshot by Damon Severson.
19:18 of 3rd period - Stopped by Roberto Luongo with a rebound.
19:20 of 3rd period - Snap shot by Erik Condra.
19:20 of 3rd period - Stopped by Roberto Luongo with a rebound.
19:22 of 3rd period - Slapshot by Damon Severson.
19:22 of 3rd period - Deflect By Andrew Cogliano.
19:22 of 3rd period - Stopped by Roberto Luongo with a rebound.
19:24 of 3rd period - Slapshot by Eric Gelinas.
19:24 of 3rd period - Deflect By Erik Condra.
19:24 of 3rd period - Stopped by Roberto Luongo with a rebound.
Goals for this period are 2 for Capitals vs 1 for Predators.
Shots for this period are 17 for Capitals vs 11 for Predators.